 Dungeon Crawl Stone Soup version 0.24-a0-264-gf46a388 (console) character file.

Game seed: 14677987322694823439

1546 Voker57 the Skirmisher (level 8, -2/64 HPs)
             Began as a Demonspawn Monk on Apr 20, 2019.
             Was a High Priest of Cheibriados.
             Slain by Joseph
             ... wielding a +0 quarterstaff
              (23 damage)
             ... on level 7 of the Dungeon.
             The game lasted 00:10:56 (5247 turns).

Voker57 the Skirmisher (Demonspawn Monk)            Turns: 5247, Time: 00:10:57

Health: -2/64      AC:  8    Str: 25    XL:     8   Next: 57%
Magic:  1/12       EV: 17    Int: 27    God:    Cheibriados [*****.]
Gold:   122        SH:  0    Dex: 29    Spells: 7/7 levels left

rFire    x . .     SeeInvis .   y - +2 demon whip
rCold    . . .     Gourm    .   (no shield)
rNeg     + . .     Faith    +   g - +1 ring mail of Beogh's Supremacy {rF- rN+ MR+ rCorr} (curse)
rPois    .         Spirit   .   (no helmet)
rElec    .         Reflect  .   A - scarf {cloud immunity}
rCorr    +         Harm     .   (no gloves)
MR       +....                  (no boots)
Stlth    ++........             n - amulet of faith
HPRegen  0.20/turn              e - +4 ring of intelligence
MPRegen  0.13/turn              (no ring)

@: very slow
A: claws 2, thin metallic scales 1, demonic guardian 1
a: Bend Time, Temporal Distortion, Slouch, Step From Time, Renounce Religion


You were on level 7 of the Dungeon.
You worshipped Cheibriados.
Cheibriados was extremely pleased with you.
You were not hungry.

You visited 1 branch of the dungeon, and saw 7 of its levels.

You collected 262 gold pieces.
You spent 140 gold pieces at shops.

Inventory:

Hand Weapons
 a - a +0 falchion
 y - a +2 demon whip (weapon)
Armour
 b - a +1 robe
 g - the cursed +1 ring mail of Beogh's Supremacy (worn) {rF- rN+ MR+ rCorr}
   (You found it on level 5 of the Dungeon)

   It makes you vulnerable to fire.
   It protects you from negative energy.
   It affects your resistance to hostile enchantments.
   It provides partial protection from all sources of acid and corrosion.
   It has a curse placed upon it.
 i - the +2 leather armour of the Yeti {rC+ MR+}
   (You found it on level 4 of the Dungeon)

   It protects you from cold.
   It affects your resistance to hostile enchantments.
 o - a scarf of cloud immunity
 A - a scarf of cloud immunity (worn)
Jewellery
 e - a +4 ring of intelligence (left claw)
 n - an amulet of faith (around neck)
Wands
 x - a wand of polymorph (9)
Scrolls
 d - 8 scrolls of identify
 f - 2 scrolls of fog
 j - a scroll of amnesia
 k - a scroll of enchant armour
 l - 2 scrolls of remove curse
 m - a scroll of random uselessness
 q - a scroll of enchant weapon
 r - a scroll of blinking {unknown}
 s - a scroll of fear
 z - a scroll of magic mapping {unknown}
Potions
 h - a potion of haste
 p - a potion of magic {unknown}
 t - a potion of invisibility {unknown}
 u - 2 potions of heal wounds {unknown}
 v - 2 potions of degeneration {unknown}
 w - 4 potions of curing {unknown}
 B - a potion of agility {unknown}
Comestibles
 c - 14 rations
 C - 2 chunks of flesh


   Skills:
 + Level 6.1 Fighting
 - Level 2.6 Long Blades
 * Level 4.5 Maces & Flails
 + Level 2.9 Armour
 + Level 5.6 Dodging
 - Level 1.7 Stealth
 + Level 5.4 Invocations


You had 7 spell levels left.
You didn't know any spells.
Your spell library was empty.

Dungeon Overview and Level Annotations

Branches:
Dungeon (7/15)
 Temple: D:4-7

Altars:
Cheibriados
Fedhas
Okawaru
Qazlal
Vehumet
Yredelemnul

Shops:
D:4 *

Annotations:
D:7 Joseph


Innate Abilities, Weirdness & Mutations

You have very sharp fingernails.
You are partially covered in thin metallic scales. (AC +2)
A weak demonic guardian rushes to your aid.


Message History

Really harm near your ufetubus?
You can feel time thicken for a moment.
You kill your ufetubus!
You kill the orc!
Cheibriados appreciates the change of pace.
You feel somewhat more hungry.
Cheibriados lowers the support of your attributes as your movement quickens.
Joseph completely misses you. Joseph barely misses you.
Okay, then.
Unknown command.
Unknown command.
The flow of time bends around you.
Cheibriados rebukes Joseph.
Joseph seems to slow down.
You feel slightly more hungry. Joseph barely misses you.
You see here a giant cockroach corpse.
Joseph hits you with a +0 quarterstaff!!
The flow of time bends around you.
Cheibriados rebukes Joseph.
Joseph seems to slow down.
You feel slightly more hungry.
Joseph hits you with a +0 quarterstaff!!
You die...

..#.# .....
..#.#+#....
..#........ #.#.....#
######## #.#.....#
#......# #.#.....#
#.####.# ........###.#
#.# ..##......#.# #5#
...+.)....#.# #.#
####.)..###.# #@#
....)...†...# #@#
..>.....##### #.#
...........# #)#
...........# .).
.#.........# .....
.#.........# .......
#.........##........
#.........##.........
############.........#


You could see Joseph (berserk) and a friendly white imp.

Vanquished Creatures
  Edmund (D:5)
  An orc warrior (D:7)
  A sky beast (D:7)
  An ogre (D:4)
  A bullfrog (D:7)
  A scorpion (D:6)
  2 howler monkeys (D:7)
  3 crimson imps
  2 orc priests (D:6)
  2 jellies
  A centaur skeleton (D:5)
  An iguana (D:6)
  Natasha (D:4)
  6 orc wizards
  A worker ant (D:6)
  A hound skeleton (D:6)
  4 gnolls (D:5)
  6 adders
  A shadow imp (D:6)
  An adder zombie (D:5)
  4 worms
  3 dart slugs
  4 leopard geckos
  19 orcs
  A ball python (D:2)
  13 bats
  7 giant cockroaches
  6 goblins
  6 hobgoblins
  6 jackals (D:1)
  2 quokkas (D:2)
  4 frilled lizards
  6 kobolds
  A quokka zombie (D:3)
  7 rats
  2 fungi (D:2)
129 creatures vanquished.

Vanquished Creatures (collateral kills)
  A centaur (D:6)
  2 bullfrogs (D:6)
  2 scorpions
  2 howler monkeys
  An orc priest (D:6)
  An adder (D:6)
  2 orcs
11 creatures vanquished.

Vanquished Creatures (others)
  A fungus (D:2)
1 creature vanquished.

Grand Total: 141 creatures vanquished

Notes
Turn   | Place    | Note
-------+----------+-------------------------------------------
     0 | D:1      | Voker57 the Demonspawn Monk began the quest for the Orb.
     0 | D:1      | Reached XP level 1. HP: 18/18 MP: 1/1
    54 | D:1      | Gained mutation: A weak demonic guardian rushes to your
                  | aid. [demonic ancestry]
    54 | D:1      | Reached XP level 2. HP: 13/24 MP: 2/2
   706 | D:1      | Gained mutation: You have sharp fingernails. [demonic
                  | ancestry]
   706 | D:1      | Reached XP level 3. HP: 23/29 MP: 3/3
   875 | D:2      | Found an iron altar of Okawaru.
  1475 | D:2      | Reached skill level 4 in Fighting
  1530 | D:2      | Found a faded altar of an unknown god.
  1540 | D:2      | Became a worshipper of Cheibriados the Contemplative
  1540 | D:2      | Reached * piety under Cheibriados
  1540 | D:2      | Reached ** piety under Cheibriados
  1596 | D:2      | Reached XP level 4. HP: 36/37 MP: 4/4
  1660 | D:2      | Reached *** piety under Cheibriados
  1673 | D:2      | Found a blossoming altar of Fedhas.
  2527 | D:3      | Reached skill level 1 in Invocations
  2715 | D:3      | Reached **** piety under Cheibriados
  2715 | D:3      | Gained mutation: You have very sharp fingernails. [demonic
                  | ancestry]
  2715 | D:3      | Reached XP level 5. HP: 25/43 MP: 5/5
  3003 | D:3      | Found a snail-covered altar of Cheibriados.
  3197 | D:4      | Noticed an ogre
  3207 | D:4      | Killed an ogre
  3213 | D:4      | Reached XP level 6. HP: 14/50 MP: 6/8
  3552 | D:4      | Got a dazzling leather armour
  3571 | D:4      | Identified the +2 leather armour of the Yeti {rC+ MR+} (You
                  | found it on level 4 of the Dungeon)
  3589 | D:4      | Found Lawuc's Lightly-Used Armoury.
  3589 | D:4      | Noticed Natasha
  3596 | D:4      | Killed Natasha
  3596 | D:4      | Reached skill level 5 in Fighting
  3608 | D:4      | Bought a -1 demon whip for 140 gold pieces
  3614 | D:4      | Found a radiant altar of Vehumet.
  3641 | D:5      | Entered Level 5 of the Dungeon
  3645 | D:5      | Got an ichor-stained ring mail
  3656 | D:5      | Identified the cursed +1 ring mail of Beogh's Supremacy
                  | {rF- rN+ MR+ rCorr} (You found it on level 5 of the
                  | Dungeon)
  3872 | D:5      | Reached skill level 1 in Maces & Flails
  4166 | D:5      | Noticed Edmund
  4180 | D:5      | Killed Edmund
  4180 | D:5      | Reached skill level 1 in Armour
  4180 | D:5      | Reached XP level 7. HP: 28/56 MP: 9/9
  4392 | D:6      | Reached ***** piety under Cheibriados
  4426 | D:6      | Reached skill level 5 in Dodging
  4489 | D:6      | Found a stormy altar of Qazlal.
  4495 | D:6      | Gained mutation: You are partially covered in thin metallic
                  | scales. (AC +2) [demonic ancestry]
  4495 | D:6      | Reached XP level 8. HP: 38/64 MP: 11/11
  4707 | D:6      | Found a basalt altar of Yredelemnul.
  5164 | D:7      | Reached skill level 5 in Invocations
  5189 | D:7      | Reached skill level 6 in Fighting
  5217 | D:7      | Noticed Joseph
  5247 | D:7      | Slain by Joseph

Levels and vault maps discovered:
D:1:      onia_arrival_pentagram, layout_rooms, minivault_23, minivault_23,
          minmay_tromino_i2
D:2:      layout_loops_ring, nicolae_overflow_crystal_walls, fedhas_altar_3,
          first_ration, chequers_ecumenical_altar_lobes
D:3:      layout_loops_corners, marbit_many_paths
D:4:      layout_cave_pools, nicolae_overflow_hidden_temple, led_xom_imps,
          minmay_shop_damaged, uniq_natasha
D:5:      layout_basic, uniq_edmund
D:6:      layout_basic, lemuel_crystal_altar, kennysheep_little_box,
          bh_walls_and_bars
D:7:      minmay_thinvault, layout_basic, dancing_weapons_uskayaw,
          minmay_temple_entry_wispy, serial_shops, nicolae_shop_stone,
          shop_fountains, nicolae_shop_trees, shop, nicolae_shop_statue_plus,
          uniq_joseph, uniq_harold

Skill      XL: |  1  2  3  4  5  6  7  8 |
---------------+-------------------------+-----
Dodging        | 3 4 5 |  5.6
Fighting       | 4 5 6 |  6.1
Invocations    | 1 2 3 4 5 |  5.4
Maces & Flails | 1 3 4 |  4.5
Armour         | 1 2 |  2.9
Long Blades    | |  2.6
Stealth        | |  1.7

Action                   |  1- 3 |  4- 6 |  7- 9 || total
-------------------------+-------+-------+-------++-------
Melee: Falchion          |   106 |   119 |       ||   225
       Demon whip        |       |    64 |   142 ||   206
       Unarmed           |       |       |     8 ||     8
Invok: Bend Time         |       |       |     3 ||     3
       Slouch            |       |       |     1 ||     1
Evoke: Wand              |       |       |     2 ||     2
  Use: Scroll            |     3 |    10 |       ||    13
       Potion            |       |     2 |       ||     2
 Stab: Sleeping          |     3 |    10 |     1 ||    14
       Distracted        |       |       |     3 ||     3
  Eat: Chunk             |     1 |     6 |     2 ||     9
Armor: Robe              |    27 |    13 |       ||    40
       Ring mail         |       |    26 |    38 ||    64
       Leather armour    |       |     1 |       ||     1
       Skin              |       |       |     1 ||     1
Dodge: Dodged            |   105 |   171 |   112 ||   388
       Rpst.: Falchion   |    29 |    32 |       ||    61

Table legend:
 A = Non-vault XP
 B = Vault XP
 C = Vault XP percentage of total XP
 D = Non-vault monster count
 E = Vault monster count
 F = Vault count percentage of total count
                 A         B        C        D         E       F
            +---------+---------+-------+---------+---------+-------
      Total |    2017 |     192 |   8.7 |     133 |       5 |   3.6
            +---------+---------+-------+---------+---------+-------
        D:1 |      40 |       3 |   7.0 |      25 |       2 |   7.4
        D:2 |     115 |       0 |   0.0 |      25 |       0 |   0.0
        D:3 |      99 |       1 |   1.0 |      20 |       1 |   4.8
        D:4 |     129 |      35 |  21.3 |       3 |       1 |  25.0
        D:5 |     203 |     153 |  43.0 |      15 |       1 |   6.2
        D:6 |     818 |       0 |   0.0 |      28 |       0 |   0.0
        D:7 |     613 |       0 |   0.0 |      17 |       0 |   0.0
            +---------+---------+-------+---------+---------+-------
